 Dungeon Sprint DCSS version 0.28-a0-925-gd5e1996cdb (webtiles) character file.

Game seed: 17689868568783432679

430 gigimoi the Cleaver (level 6, 0/96 HPs)
             Began as a Hill Orc Berserker on Nov 26, 2021.
             Was a Believer of Trog.
             Slain by a slime creature (15 damage)
             ... in the Dungeon (Sprint I: "Red Sonja").
             The game lasted 00:01:10 (761 turns).

gigimoi the Cleaver (Hill Orc Berserker)             Turns: 761, Time: 00:01:12

Health: 0/96       AC:  4    Str: 22    XL:     6   Next: 99%
Magic:  6/6        EV: 13    Int:  7    God:    Trog [**....]
Gold:   306        SH:  0    Dex: 10    Spells: 5/5 levels left

rFire   . . .      SeeInvis .   a - +0 hand axe
rCold   . . .      Faith    .   (no shield)
rNeg    . . .      Spirit   .   b - +0 animal skin
rPois   .          Reflect  .   (no helmet)
rElec   .          Harm     .   (no cloak)
rCorr   .          Rampage  .   i - +0 pair of gloves
Will    .....      NoTele   +   (no boots)
Stlth   ..........              (no amulet)
HPRegen 0.26/turn               (no ring)
MPRegen 0.10/turn               (no ring)

@: berserking, very quick
A: no striking features
a: Renounce Religion, Berserk, Trog's Hand


You were in the Dungeon.
You worshipped Trog.
Trog was pleased with you.
You visited 1 branch You collected 306 gold pieces.

Inventory:

Hand Weapons
 a - a +0 hand axe (weapon)
Armour
 b - a +0 animal skin (worn)
 i - a +0 pair of gloves (worn)
Scrolls
 h - a scroll of blinking
Potions
 c - a potion of curing
 d - a potion of heal wounds
 e - a potion of haste
 f - 2 potions of magic
 g - a potion of berserk rage


   Skills:
 + Level 9.4 Fighting
 + Level 10.2 Axes
 + Level 8.2 Armour
 + Level 6.2 Dodging


You had 5 spell levels left.
You didn't know any spells.
Your spell library was empty.

Dungeon Overview and Level Annotations

Branches:
Dungeon (1/1)

Altars:
Cheibriados
Dithmenos
Elyvilon
Fedhas
Gozag
Hepliaklqana
Kikubaaqudgha
Makhleb
Nemelex Xobeh
Okawaru
Qazlal
Ru
Sif Muna
Trog
Uskayaw
Vehumet
Wu Jian
Xom
Yredelemnul
Zin
The Shining One
Jiyva
Lugonu

Shops:
D *


Message History

You completely miss the slime creature. The slime creature misses you.
You slash the slime creature!
The slime creature is lightly wounded.
You hit the slime creature but do no damage.
The slime creature is lightly wounded.
The slime creature hits you!
You hit the slime creature.
The slime creature is lightly wounded.
The slime creature hits you!
You hit the slime creature.
The slime creature is lightly wounded.
The slime creature hits you.
You hit the slime creature.
The slime creature is moderately wounded.
The slime creature hits you!
* * * LOW HITPOINT WARNING * * *
There is an open door here.
Things that are here:
a +0 scythe; a +0 robe; the human skeleton of Sigmund
There is an open door, spattered with blood here.
You recover from your berserk rage.
A red film seems to cover your vision as you go berserk!
You feel yourself moving faster!
You feel mighty! The slime creature hits you.
* * * LOW HITPOINT WARNING * * *
You slash the slime creature!
The slime creature is moderately wounded.
You hit the slime creature.
The slime creature is heavily wounded.
The slime creature barely misses you.
You barely miss the slime creature.
The slime creature is heavily wounded.
You hit the slime creature.
The slime creature is heavily wounded.
The slime creature hits you but does no damage.
You slash the slime creature!
The slime creature is severely wounded.
You completely miss the slime creature.
The slime creature is severely wounded.
The slime creature hits you!
You die...

################ ##
#<.#..)..#..'..#__#
#..)..#.@J).#..'..+
#..#####'#####'#__#
#..####..#...#.# ##
#..#__####..##.#
#..#_____##'#_.+
#⌠⌠#_.∩...'..._#
####_..__##_.#+#
#_____###+# #######


You could see a slime creature.

Vanquished Creatures
  Sigmund (D)
  A yak (D)
  An ogre (D)
  A jelly (D)
  Ijyb (D)
5 creatures vanquished.

Notes
Turn   | Place    | Note
-------+----------+-------------------------------------------
     0 | D        | gigimoi the Hill Orc Berserker began the quest for the Orb.
     0 | D        | Reached XP level 1. HP: 19/19 MP: 1/1
     1 | D        | Noticed Ijyb
     7 | D        | Killed Ijyb
     8 | D        | Reached skill level 5 in Fighting
     8 | D        | Reached skill level 5 in Axes
     8 | D        | Reached XP level 2. HP: 29/29 MP: 2/2
     8 | D        | Reached XP level 3. HP: 36/36 MP: 3/3
    65 | D        | Noticed an ogre
    72 | D        | Killed an ogre
    73 | D        | Reached skill level 7 in Axes
    73 | D        | Reached skill level 5 in Armour
    73 | D        | Reached XP level 4. HP: 29/45 MP: 4/4
   343 | D        | Noticed Sigmund
   353 | D        | Killed Sigmund
   353 | D        | Reached ** piety under Trog
   354 | D        | Reached skill level 9 in Axes
   354 | D        | Reached skill level 5 in Dodging
   354 | D        | Reached XP level 5. HP: 23/53 MP: 5/5
   354 | D        | Reached XP level 6. HP: 27/61 MP: 6/6
   666 | D        | Found an ornate altar of the Wu Jian Council.
   666 | D        | Found a shimmering blue altar of Sif Muna.
   669 | D        | Found a radiant altar of Vehumet.
   708 | D        | Found Guim's General Store.
   708 | D        | Found an ancient bone altar of Kikubaaqudgha.
   708 | D        | Found a hazy altar of Hepliaklqana.
   708 | D        | Found a hide-covered altar of Uskayaw.
   708 | D        | Found a basalt altar of Yredelemnul.
   708 | D        | Found an opulent altar of Gozag.
   708 | D        | Found a snail-covered altar of Cheibriados.
   708 | D        | Found a sacrificial altar of Ru.
   708 | D        | Found a shadowy altar of Dithmenos.
   708 | D        | Noticed a yak
   713 | D        | Killed a yak
   714 | D        | Reached skill level 10 in Axes
   714 | D        | Found a stormy altar of Qazlal.
   714 | D        | Found a blossoming altar of Fedhas.
   714 | D        | Found a bloodstained altar of Trog.
   714 | D        | Found an iron altar of Okawaru.
   714 | D        | Found a glowing golden altar of the Shining One.
   714 | D        | Found a glowing silver altar of Zin.
   714 | D        | Found a white marble altar of Elyvilon.
   715 | D        | Found a sparkling altar of Nemelex Xobeh.
   739 | D        | Found a burning altar of Makhleb.
   739 | D        | Found a viscous altar of Jiyva.
   739 | D        | Found a shimmering altar of Xom.
   739 | D        | Found a corrupted altar of Lugonu.
   739 | D        | Noticed a slime creature
   761 | D        | Slain by a slime creature

Illustrated notes

Levels and vault maps discovered:
D:        dungeon_sprint_1 [red_sonja_temple_1, red_sonja_temple_small_1]

Skill      XL: |  1  2  3  4  5  6 |
---------------+-------------------+-----
Fighting       | 5 6 8 9 |  9.4
Axes           | 5 7 9 10 | 10.2
Armour         | 3 5 7 8 |  8.2
Dodging        | 2 4 5 6 |  6.2

Action                   |  1- 3 |  4- 6 || total
-------------------------+-------+-------++-------
Melee: Hand axe          |    11 |    28 ||    39
Invok: Berserk           |     2 |     4 ||     6
Armor: Animal skin       |       |     1 ||     1
Dodge: Dodged            |     2 |     7 ||     9

Table legend: (Time is in decaauts)
 A = Elapsed time spent in this place.
 B = Non-inter-level travel time spent in this place.
 C = Inter-level travel time spent in this place.
 D = Time resting spent in this place.
 E = Time spent auto-exploring this place.
 F = Levels seen in this place.
 G = Mean time per level.
                   A        B        C        D        E       F      G
               +--------+--------+--------+--------+--------+-----+--------+
         Total |    796 |    769 |     27 |    639 |     49 |   1 |  796.0 |
       Dungeon |    796 |    769 |     27 |    639 |     49 |   1 |  796.0 |
               +--------+--------+--------+--------+--------+-----+--------+

Top non-repeatable levels by time:
       D: 796 daAuts
